 Dungeon Crawl Stone Soup version 0.19.0-19-g8c6edcc (webtiles) character file.

13332 mmcf the Grappler (level 11, -3/111 HPs)
             Began as a Troll Monk on Nov 14, 2016.
             Was a Believer of Ru.
             Slain by a minotaur (25 damage)
             ... in a labyrinth.
             The game lasted 00:39:03 (14270 turns).

mmcf the Grappler (Troll Monk)                     Turns: 14270, Time: 00:39:04

Health: -3/111     AC:  9    Str: 21    XL:     11   Next: 74%
Magic:  0/10       EV: 13    Int:  7    God:    Ru [**....]
Gold:   397        SH:  0    Dex: 14    Spells: 0 memorised, 10 levels left

rFire  + . .     SeeInvis .       - Unarmed
rCold  . . .     Gourm    +     P - +1 robe {MR+}
rNeg   + . .     Faith    .     (no shield)
rPois  +         Spirit   +     k - +2 hat of the Bear Spirit {Spirit, +Rage rN+ MR++}
rElec  .         Reflect  .     s - +0 cloak
rCorr  .         Harm     .     (gloves unavailable)
MR     +++..                    (boots unavailable)
Stlth  ..........               (no amulet)
                                f - ring of protection from fire
                                l - ring of poison resistance

@: no status effects
A: unfitting armour, claws 3, fast metabolism 3, gourmand, regeneration 1,
shaggy fur 1, tough skin 2, no stealth, unskilled 1
a: Renounce Religion, Evoke Berserk Rage


You were in a labyrinth.
You worshipped Ru.
Ru was pleased with you.
You were full.

You visited 3 branches of the dungeon, and saw 15 of its levels.
You also visited: Labyrinth, Sewer and Ossuary.

You collected 743 gold pieces.
You spent 346 gold pieces at shops.

Inventory:

Hand Weapons
 a - a +0 blowgun
 g - a +3 quarterstaff of chaos
 F - a +1 dire flail of protection
Missiles
 u - 5 tomahawks of returning (quivered)
 w - 6 needles of sleeping
 G - a javelin
 M - 53 poisoned needles
 R - 22 curare-tipped needles
Armour
 k - the +2 hat of the Bear Spirit (worn) {Spirit, +Rage rN+ MR++}
   (You found it on level 10 of the Dungeon)

   It protects you from negative energy.
   It affects your resistance to hostile enchantments.
   It lets you go berserk.
 s - a +0 cloak (worn)
 P - a +1 robe of magic resistance (worn)
Jewellery
 c - an uncursed ring of resist corrosion
 f - a ring of protection from fire (right claw)
 l - a ring of poison resistance (left claw)
 L - an uncursed ring of fire
Wands
 e - a wand of digging (5/24)
 p - a wand of paralysis (10/24)
 S - a wand of lightning (5/15)
Scrolls
 h - 5 scrolls of teleportation
 i - 8 scrolls of remove curse
 o - a scroll of fear
 y - 4 scrolls of magic mapping
Potions
 m - 3 potions of heal wounds
 n - 6 potions of curing
 q - 3 potions of might
 r - 4 potions of flight
 t - 3 potions of resistance
 v - a potion of haste
 x - a potion of cancellation
 A - 2 potions of berserk rage
 N - 2 potions of agility {unknown}
 W - a potion of invisibility {unknown}
Comestibles
 b - 10 bread rations
 d - a beef jerky
 j - 21 fruits


   Skills:
 + Level 7.9 Fighting
 - Level 3.3 Throwing
 - Level 6.5 Dodging
 * Level 12.4 Unarmed Combat
 + Level 0.9 Evocations


You had 10 spell levels left.
You didn't know any spells.

Dungeon Overview and Level Annotations

Branches:
Dungeon (11/15)            Temple (1/1) D:7            Lair (3/6) D:8
  Swamp (0/4) Lair:3
  Snake: Lair:2-4    Spider: Lair:2-4       Orc: D:9-12

Altars:
Ashenzari
Cheibriados
Dithmenos
Elyvilon
Fedhas
Gozag
Hepliaklqana
Kikubaaqudgha
Makhleb
Nemelex Xobeh
Okawaru
Qazlal
Ru
Sif Muna
Trog
Uskayaw
Vehumet
Xom
Yredelemnul
Zin
The Shining One

Shops:
D:9 *   D:10 [


Innate Abilities, Weirdness & Mutations

You are too large for most types of armour.
You have claws for hands.
Your metabolism is lightning-fast.
You like to eat raw meat.
Your natural rate of healing is unusually fast.
You are covered in fur. (AC +1)
You have very tough skin. (AC +2)
You cannot be stealthy.
You are somewhat unskilled. (-1 Apt)


Message History

You focus your will and illuminate the minotaur in retribution!
You scratch the minotaur but do no damage.
The minotaur is heavily wounded.
The minotaur hits you!
The minotaur gores you but does no damage.
You claw the minotaur! x2
The minotaur is severely wounded.
The minotaur hits you!!
* * * LOW HITPOINT WARNING * * *
The minotaur gores you!
* * * LOW HITPOINT WARNING * * *
You mangle the minotaur!!
The minotaur is almost dead.
The minotaur barely misses you. The minotaur misses you.
You feel better.
The minotaur hits you but does no damage.
The minotaur gores you!
* * * LOW HITPOINT WARNING * * *
You feel much better. The minotaur hits you!!
You die...

.. .. . . ... # #
# ###.# . . . .
.#.# #. ##### #..
# # #.. .#.### #.
# # #.#.# #.# # .
.... . # .# #H#.#
# ### # #
.#.#.#@#.# ....
#. #.#.......#
#.#.###
......#.#########
. . #... .... .
.. .... .# .. ..
.#. .# #.## ###.
## #. # ##. #.# .
#.. .# # # #.# #
. #.#


You could see a minotaur.

Vanquished Creatures
  Gastronok (Lair:1)
  Sonja (Lair:1)
  The ghost of asdu the Cleaver, a novice VSBe of Trog (D:9)
  A hill giant (D:10)
  A centaur zombie (D:10)
  Joseph (D:7)
  Maurice (D:11)
  2 spiny frogs
  A tengu conjurer (D:10)
  5 blink frogs (Lair:1)
  3 hippogriffs
  Sigmund (D:2)
  6 yaks (D:10)
  Grum (Lair:1)
  A hungry ghost (D:4)
  Edmund (D:4)
  A water moccasin (Lair:1)
  2 porcupines
  Duvessa (D:4)
  5 orc warriors
  3 ice beasts
  2 sky beasts (D:10)
  A phantom (D:9)
  3 ogres (D:4)
  8 wolves
  A centaur (D:8)
  3 crocodiles
  4 big kobolds
  6 bullfrogs
  Blork the orc (D:4)
  A gnoll sergeant (D:6)
  Dowan (D:4)
  12 scorpions
  A water moccasin skeleton (D:5)
  A spriggan skeleton (Lab)
  4 wights (D:10)
  A howler monkey (D:6)
  3 crimson imps
  A bullfrog skeleton (D:5)
  2 bullfrog zombies
  A gnoll shaman (D:5)
  10 orc priests
  Crazy Yiuf (D:2)
  2 hounds
  3 human zombies (Ossuary)
  3 centaur skeletons (Lab)
  Natasha (thrice) (D:3)
  An iguana (D:5)
  5 orc wizards
  4 worker ants
  3 big kobold zombies (Ossuary)
  4 mummies
  2 worker ant zombies (D:3)
  Robin (D:3)
  14 gnolls
  A scorpion zombie (Ossuary)
  3 adders
  3 river rats
  3 shadow imps
  3 oozes
  An adder skeleton (D:3)
  2 worms (Sewer)
  2 dart slugs (D:1)
  8 leopard geckos
  46 orcs
  19 bats
  9 giant cockroaches
  16 goblins
  10 hobgoblins
  4 jackals (D:5)
  3 quokkas
  3 ball pythons
  4 frilled lizards
  A giant cockroach zombie (D:6)
  2 gnoll zombies (Ossuary)
  5 goblin zombies
  4 hobgoblin zombies
  A jackal zombie (D:3)
  20 kobolds
  3 kobold skeletons (D:7)
  2 kobold zombies
  A leopard gecko skeleton (D:3)
  3 orc skeletons (D:7)
  3 orc zombies (Ossuary)
  A quokka zombie (D:3)
  14 rats
  3 fungi
  4 plants (D:8)
360 creatures vanquished.

Vanquished Creatures (others)
  A scorpion (Ossuary)
  A howler monkey skeleton (D:6)
  An orc zombie (Ossuary)
  A plant (Lair:1)
4 creatures vanquished.

Grand Total: 364 creatures vanquished

Notes
Turn   | Place    | Note
-------+----------+-------------------------------------------
     0 | D:1      | mmcf the Troll Monk began the quest for the Orb.
     0 | D:1      | Reached XP level 1. HP: 22/22 MP: 0/0
   127 | D:1      | Reached XP level 2. HP: 29/29 MP: 1/1
   597 | D:3      | Reached XP level 3. HP: 35/36 MP: 2/2
   608 | D:3      | Reached skill level 4 in Unarmed Combat
   608 | D:3      | Reached XP level 4. HP: 33/45 MP: 3/3
   630 | D:3      | Noticed Natasha
   646 | D:3      | Killed Natasha
   657 | D:3      | Noticed Robin
   896 | D:3      | Killed Robin
   900 | D:3      | Noticed Natasha
   910 | D:3      | Killed Natasha
   910 | D:3      | Reached XP level 5. HP: 22/53 MP: 4/4
   953 | D:3      | Noticed Natasha
   960 | D:3      | Killed Natasha
  1016 | D:3      | Found a glowing drain.
  1034 | Sewer    | Entered a sewer
  1054 | Sewer    | Reached skill level 5 in Unarmed Combat
  1205 | Sewer    | Reached XP level 6. HP: 53/62 MP: 5/5
  1424 | D:2      | Found a runed door.
  1428 | D:2      | Noticed Crazy Yiuf
  1437 | D:2      | Killed Crazy Yiuf
  1654 | D:2      | Noticed Sigmund
  1676 | D:2      | Killed Sigmund
  1676 | D:2      | Reached skill level 6 in Unarmed Combat
  1676 | D:2      | Reached XP level 7. HP: 59/70 MP: 6/6
  2354 | D:4      | Noticed a hungry ghost
  2361 | D:4      | Killed a hungry ghost
  2531 | D:3      | Found an ancient bone altar of Kikubaaqudgha.
  2951 | D:4      | Reached skill level 7 in Unarmed Combat
  2977 | D:5      | Entered Level 5 of the Dungeon
  3024 | D:4      | Noticed Blork the orc
  3039 | D:4      | Killed Blork the orc
  3104 | D:4      | Found a deep blue altar of Sif Muna.
  3135 | D:4      | Found a burning altar of Makhleb.
  3192 | D:4      | Found a bloodstained altar of Trog.
  3215 | D:4      | Reached XP level 8. HP: 79/79 MP: 7/7
  3217 | D:4      | Noticed Duvessa
  3217 | D:4      | Noticed Dowan
  3238 | D:4      | Killed Duvessa
  3238 | D:4      | Reached skill level 5 in Fighting
  3245 | D:4      | Killed Dowan
  3599 | D:4      | Noticed Edmund
  3609 | D:4      | Killed Edmund
  3797 | D:4      | Reached skill level 8 in Unarmed Combat
  4364 | D:5      | Reached skill level 5 in Dodging
  4493 | D:6      | Found a sand-covered staircase.
  4501 | Ossuary  | Entered an ossuary
  4548 | Ossuary  | Reached skill level 1 in Throwing
  4669 | Ossuary  | Reached XP level 9. HP: 86/88 MP: 8/8
  4698 | Ossuary  | Reached skill level 9 in Unarmed Combat
  5417 | D:6      | Found a shattered altar of Ashenzari.
  6078 | D:7      | Noticed Joseph
  6095 | D:7      | Killed Joseph
  6231 | D:6      | Reached skill level 10 in Unarmed Combat
  6362 | D:7      | Found a staircase to the Ecumenical Temple.
  6370 | Temple   | Entered the Ecumenical Temple
  7553 | D:6      | Found an iron altar of Okawaru.
  7698 | D:7      | Found a glowing golden altar of the Shining One.
  8098 | D:8      | Found a sacrificial altar of Ru.
  8109 | D:8      | Became a worshipper of Ru the Awakened
  8113 | D:8      | Gained mutation: You are somewhat unskilled. (-1 Apt) [Ru sacrifice]
  8113 | D:8      | Reduced skill Unarmed Combat to level 9
  8113 | D:8      | Reached * piety under Ru
  8113 | D:8      | Reached ** piety under Ru
  8373 | D:8      | Reached XP level 10. HP: 98/98 MP: 9/9
  8869 | D:8      | Found a staircase to the Lair.
  8953 | D:8      | Noticed Grum
  8960 | D:8      | Reached skill level 10 in Unarmed Combat
  8994 | Lair:1   | Entered Level 1 of the Lair of Beasts
  9271 | Lair:1   | Killed Grum
  9632 | D:10     | Entered Level 10 of the Dungeon
  9650 | D:9      | Noticed asdu's ghost (novice VSBe)
  9658 | D:9      | Killed asdu's ghost
  9658 | D:9      | Reached skill level 5 in Dodging
  9747 | D:10     | Found Xeewenyc's Antique Armour Shoppe.
  9778 | D:10     | Bought an ichor-stained robe for 159 gold pieces
  9788 | D:10     | Identified the +1 robe of Defence {rF- Dex+2 SInv} (You bought it in a shop on level 10 of the Dungeon)
  9790 | D:10     | Bought an embroidered robe for 187 gold pieces
  9897 | D:9      | Found an opulent altar of Gozag.
  9899 | D:9      | Found Gozag's Platinum Reserve.
 10641 | Lair:1   | Noticed Sonja
 10748 | Lair:1   | Noticed a spiny frog
 10870 | Lair:2   | HP: 3/100 [wolf (11)]
 10887 | Lair:2   | Gained mutation: You cannot be stealthy. [Ru sacrifice]
 11455 | Lair:1   | Killed a spiny frog
 11696 | Lair:1   | Noticed Gastronok
 11710 | Lair:1   | Killed Gastronok
 11710 | Lair:1   | Reached skill level 11 in Unarmed Combat
 11710 | Lair:1   | Reached XP level 11. HP: 70/109 MP: 10/10
 12145 | Lair:1   | Killed Sonja
 12666 | D:11     | Noticed Maurice
 12677 | D:11     | Killed Maurice
 12848 | D:10     | Reached skill level 12 in Unarmed Combat
 13383 | D:11     | Noticed a six-headed hydra
 13398 | D:11     | HP: 2/110 [ten-headed hydra (5)]
 13653 | D:10     | Noticed a hill giant
 13657 | D:10     | Killed a hill giant
 13891 | Lair:3   | Found a labyrinth entrance.
 13901 | Lab      | Entered a labyrinth
 14254 | Lab      | Noticed a minotaur
 14270 | Lab      | Slain by a minotaur

Skill      XL: |  1  2  3  4  5  6  7  8  9 10 11 |
---------------+----------------------------------+-----
Fighting       | 3 4 5 6 7 |  7.9
Unarmed Combat | 4 5 6 7 8 9 11 12 | 12.4
Dodging        | 3 4 5 4 5 6 |  6.5
Throwing       | 1 3 |  3.3
Stealth        | 0 |  0.0
Evocations     | |  0.9

Action                   |  1- 3 |  4- 6 |  7- 9 | 10-12 || total
-------------------------+-------+-------+-------+-------++-------
Melee: Unarmed           |    67 |   185 |   479 |   446 ||  1177
       Punch             |       |       |    18 |    30 ||    48
       Quarterstaff      |       |       |       |     2 ||     2
 Fire: Blowgun           |       |       |       |     3 ||     3
Throw: Throwing net      |       |       |       |     3 ||     3
       Javelin           |       |       |       |     2 ||     2
Invok: Sacrifice Skill   |       |       |     1 |       ||     1
       Sacrifice Stealth |       |       |       |     1 ||     1
  Use: Scroll            |     6 |     4 |    10 |    10 ||    30
       Potion            |       |       |       |     4 ||     4
 Stab: Sleeping          |     1 |     4 |     4 |     1 ||    10
       Distracted        |       |       |     1 |       ||     1
       Invisible         |       |       |       |     1 ||     1
       Held in net/web   |       |       |       |     1 ||     1
  Eat: Chunk             |    10 |    12 |    62 |    46 ||   130
       Meat ration       |       |       |     1 |       ||     1
       Pizza             |       |       |       |     3 ||     3
Armor: Robe              |    13 |    61 |   167 |   112 ||   353
Dodge: Dodged            |    25 |   125 |   280 |   270 ||   700
